Map: Frost LE

Players

Cell

  • Race: Zerg Zerg
  • League: Grandmaster

kOala (Nina) - Winner!

  • Race: Protoss Protoss
  • League: Master

VOD

Have the link to the VOD?

Description

Time

  • Played on: Nov. 13, 2016, 10:56 p.m.
  • Length: 9:45
Show
View Real Time Build Order
Export as new Build Order

Cell Zerg 

Build Orders: Hatch First 

Get SALT Encoding   

  12  0:01  Drone  
  13  0:13  Overlord  
  13  0:17  Drone  
  14  0:32  Drone  
  14  0:33  Drone  
  16  0:50  Hatchery  
  16  0:54  Drone  
  16  0:55  Drone  
  17  1:00  Drone  
  18  1:12  Extractor  
  18  1:16  Spawning Pool  
  16  1:19  Drone  
  16  1:22  Drone  
  18  1:37  Drone  
  19  1:40  Drone  
  20  1:53  Overlord  
  20  2:02  Queen  
  20  2:03  Queen  
  20  2:05  Zergling x2  
  20  2:06  Drone  
  26  2:12  Drone  
  26  2:13  Metabolic Boost  
  27  2:16  Drone  
  29  2:22  Drone  
  29  2:25  Drone  
  30  2:41  Hatchery  
  30  2:43  Zergling x2  
  30  2:45  Zergling x2  
  30  2:48  Drone  
  32  2:53  Drone  
  32  2:55  Drone  
  32  2:58  Pneumatized Carapace  
  34  3:03  Overlord  
  34  3:07  Drone x2  
  36  3:22  Overlord  
  36  3:24  Drone x5  
  40  3:29  Queen  
  40  3:32  Overlord  
  42  3:35  Drone  
  43  3:41  Drone  
  43  3:42  Drone  
  45  3:50  Drone x2  
  45  3:53  Overlord  
  45  3:55  Drone, Roach Warren  
  48  3:56  Drone, Evolution Chamber  
  48  3:57  Extractor  
  48  3:58  Drone  
  47  4:05  Queen  
  47  4:09  Drone x3  
  52  4:13  Overlord  
  52  4:17  Drone  
  52  4:18  Drone x2  
  55  4:29  Zerg Melee Weapons Level 1  
  55  4:32  Drone x2  
  55  4:33  Drone x5  
  55  4:36  Roach  
  64  4:43  Baneling Nest  
  64  4:45  Lair  
  63  4:50  Drone  
  63  4:51  Drone x5  
  70  4:52  Drone  
  70  4:53  Drone  
  70  4:54  Drone  
  70  4:55  Extractor  
  70  4:59  Extractor  
  70  5:00  Extractor  
  70  5:01  Roach x2  
  70  5:04  Roach  
  70  5:05  Overlord  
  75  5:11  Roach  
  75  5:12  Roach  
  79  5:15  Overlord x2  
  79  5:26  Drone  
  80  5:30  Drone  
  81  5:37  Drone x2  
  81  5:38  Drone x2, Baneling Nest  
  81  5:40  Hatchery  
  85  5:42  Ravager x2  
  85  5:47  Roach  
  85  5:48  Roach x2  
  91  5:52  Hatchery  
  90  5:58  Roach x5  
  90  6:00  Overlord  
  90  6:04  Overlord x2  
  100  6:06  Baneling x2  
  100  6:07  Baneling  
  100  6:16  Centrifical Hooks  
  100  6:22  Zergling x14  
  100  6:24  Roach  
  108  6:35  Roach  
  108  6:36  Roach x4  
  113  6:41  Zergling x2  
  113  6:42  Zergling x4  
  103  6:47  Baneling  
  103  6:48  Baneling x11  
  103  6:49  Zergling x2  
  103  6:50  Zergling x10  
  99  6:58  Roach x2  
  99  6:59  Roach  
  103  7:14  Roach x5  
  103  7:15  Roach  
  98  7:25  Roach x5, Zergling x2  
  98  7:26  Zergling x8  
  107  7:34  Roach x2  
  111  7:57  Hatchery  
  111  7:58  Glial Reconstitution  
  110  7:59  Zergling x4  
  110  8:01  Overlord  
  110  8:02  Overlord x4  
  110  8:03  Baneling x3  
  112  8:06  Overlord  
  112  8:10  Overlord x3  
  112  8:12  Overlord  
  112  8:15  Overseer  
  109  8:26  Drone x6  
  107  8:41  Drone x9  
  112  8:50  Zergling x4  
  112  8:52  Queen  
  114  8:56  Zergling x2  
  112  9:06  Zergling x22  
  123  9:15  Zergling x2  
  123  9:16  Zergling x6  
  128  9:17  Ravager x5  
  128  9:18  Zergling x2  
Show
View Real Time Build Order
Export as new Build Order

kOala Protoss - Winner!

Build Orders: 1 Gate Expand, Zealot Archon 

Get SALT Encoding   

  12  0:01  Probe (Chrono Boost)  
  13  0:11  Probe (Chrono Boost)  
  14  0:19  Pylon  
  14  0:23  Probe (Chrono Boost)  
  15  0:37  Probe (Chrono Boost)  
  15  0:39  Gateway  
  16  0:48  Assimilator, Probe (Chrono Boost)  
  17  0:58  Probe (Chrono Boost)  
  18  1:09  Probe (Chrono Boost)  
  19  1:24  Nexus  
  19  1:29  Probe (Chrono Boost)  
  20  1:37  Cybernetics Core  
  20  1:42  Probe (Chrono Boost)  
  21  1:47  Assimilator  
  21  1:52  Probe (Chrono Boost)  
  22  1:56  Pylon  
  22  2:03  Probe (Chrono Boost)  
  23  2:12  Adept  
  23  2:15  Warp Gate  
  25  2:18  Probe (Chrono Boost)  
  28  2:32  Mothership Core (Chrono Boost)  
  29  2:37  Probe (Chrono Boost), Sentry  
  31  2:47  Probe (Chrono Boost)  
  33  2:52  Probe (Chrono Boost)  
  33  2:58  Probe (Chrono Boost)  
  34  3:02  Sentry  
  34  3:03  Nexus  
  34  3:04  Probe (Chrono Boost)  
  35  3:08  Probe (Chrono Boost)  
  38  3:16  Probe (Chrono Boost)  
  38  3:18  Pylon  
  40  3:20  Probe (Chrono Boost)  
  40  3:25  Pylon  
  40  3:26  Sentry  
  41  3:28  Probe (Chrono Boost)  
  41  3:30  Probe (Chrono Boost)  
  44  3:37  Pylon  
  44  3:40  Probe (Chrono Boost)  
  44  3:41  Probe (Chrono Boost)  
  46  3:51  Probe (Chrono Boost)  
  46  3:52  Probe (Chrono Boost)  
  48  4:00  Robotics Facility  
  48  4:02  Probe (Chrono Boost)  
  52  4:04  Probe (Chrono Boost)  
  52  4:08  Gateway  
  52  4:09  Gateway  
  50  4:13  Probe (Chrono Boost), Gateway  
  52  4:17  Probe (Chrono Boost)  
  52  4:19  Gateway  
  52  4:21  Probe (Chrono Boost)  
  52  4:22  Sentry  
  55  4:25  Probe (Chrono Boost)  
  55  4:26  Assimilator  
  55  4:29  Assimilator  
  57  4:31  Probe (Chrono Boost)  
  57  4:33  Probe (Chrono Boost)  
  57  4:35  Probe (Chrono Boost)  
  59  4:39  Phoenix  
  59  4:44  Probe (Chrono Boost)  
  60  4:47  Probe (Chrono Boost), Warp Prism  
  60  4:50  Probe (Chrono Boost)  
  60  4:52  Sentry  
  66  4:56  Probe (Chrono Boost)  
  66  4:59  Pylon  
  68  5:00  Probe (Chrono Boost)  
  68  5:07  Probe (Chrono Boost)  
  68  5:10  Probe (Chrono Boost)  
  68  5:11  Pylon  
  68  5:12  Zealot x2, Probe (Chrono Boost)  
  75  5:16  Zealot x2  
  75  5:17  Zealot  
  75  5:18  Probe (Chrono Boost)  
  82  5:22  Probe (Chrono Boost), Twilight Council  
  82  5:23  Immortal  
  82  5:25  Probe (Chrono Boost)  
  88  5:30  Probe (Chrono Boost)  
  88  5:34  Probe (Chrono Boost)  
  90  5:40  Pylon  
  90  5:42  Probe (Chrono Boost)  
  91  5:45  Zealot x4  
  91  5:49  Zealot  
  101  5:58  Probe x2 (Chrono Boost)  
  104  6:04  Charge, Probe (Chrono Boost)  
  104  6:06  Templar Archives  
  105  6:12  Zealot  
  105  6:13  Zealot, Pylon x2  
  105  6:18  Assimilator  
  108  6:19  Assimilator  
  108  6:23  Gateway  
  108  6:25  Gateway  
  108  6:26  Immortal  
  110  6:33  Zealot x3  
  110  6:35  Zealot  
  114  6:42  Zealot  
  108  6:52  Probe (Chrono Boost)  
  105  6:56  Gateway, Sentry x2  
  105  6:57  High Templar x2  
  105  6:58  Gateway  
  105  7:00  Immortal  
  113  7:01  Archon  
  113  7:03  Zealot  
  103  7:21  Zealot x2  
  95  7:28  Zealot  
  97  7:30  Zealot x2  
  97  7:34  Immortal  
  99  7:43  High Templar x2  
  105  7:44  High Templar x2  
  105  7:49  Archon x2  
  105  7:50  Pylon  
  109  7:52  Zealot x3, Pylon  
  109  7:57  Forge  
  115  8:03  High Templar x2  
  119  8:08  Pylon  
  119  8:09  Archon, Pylon  
  119  8:11  Observer, Pylon  
  119  8:12  Pylon  
  119  8:19  Zealot x4  
  127  8:20  Zealot x3  
  119  8:34  Probe (Chrono Boost)  
  119  8:35  Probe (Chrono Boost)  
  119  8:36  Probe (Chrono Boost)  
  119  8:38  Zealot  
  121  8:45  Probe x2 (Chrono Boost)  
  120  8:48  Probe (Chrono Boost), Photon Cannon  
  120  8:53  Nexus, Photon Cannon  
  120  8:55  Pylon, Probe (Chrono Boost)  
  121  8:56  Probe (Chrono Boost)  
  121  9:02  High Templar x3  
  126  9:03  High Templar  
  126  9:04  Zealot x4  
  126  9:05  Zealot  
  126  9:06  Probe (Chrono Boost)  
  126  9:09  Archon x2  
  141  9:15  Photon Cannon  
  141  9:17  Photon Cannon  
  141  9:19  Observer  
  141  9:20  Photon Cannon  
  141  9:24  Photon Cannon  
Tags
 
Add a new tag
Caveats
  • Supply blocks, unpowered buildings, or Contaminate may cause inaccurate times.
  • Supply counts are checked every 10 seconds.